Map: Catalyst LE

Players

SamuraiFunn - Winner!

  • Race: Protoss Protoss
  • League: Platinum
  • Spawn Location: 5:00

A.I. 1 (Elite)

  • Race: Terran Terran
  • Spawn Location: 11:00

VOD

Have the link to the VOD?

Description

Time

  • Played on: Nov. 26, 2017, 9:25 p.m.
  • Length: 13:44
Show
View Real Time Build Order
Export as new Build Order

SamuraiFunn Protoss - Winner!

Build Orders:  

Get SALT Encoding   

  12  0:01  Probe  
  13  0:13  Probe  
  14  0:23  Pylon  
  14  0:25  Probe  
  15  0:41  Probe  
  16  0:48  Gateway  
  16  0:53  Probe (Chrono Boost)  
  18  1:05  Probe (Chrono Boost)  
  18  1:07  Assimilator  
  19  1:11  Probe (Chrono Boost), Pylon  
  19  1:19  Probe  
  20  1:31  Probe, Gateway  
  21  1:40  Cybernetics Core  
  21  1:43  Probe, Zealot  
  24  1:55  Probe  
  24  2:01  Assimilator  
  25  2:08  Probe  
  26  2:11  Pylon  
  26  2:18  Warp Gate (Chrono Boost)  
  26  2:20  Probe  
  27  2:32  Probe, Nexus  
  27  2:36  Zealot  
  30  2:44  Probe  
  31  3:03  Probe  
  32  3:10  Assimilator  
  32  3:13  Assimilator  
  32  3:15  Probe  
  32  3:17  Pylon  
  33  3:27  Probe  
  34  3:38  Gateway  
  34  3:39  Probe  
  35  3:44  Robotics Facility  
  35  3:45  Probe  
  36  3:51  Probe  
  37  3:58  Probe  
  38  4:03  Probe  
  39  4:11  Probe  
  39  4:12  Twilight Council  
  39  4:15  Probe, Stalker  
  39  4:16  Stalker  
  45  4:23  Probe  
  46  4:27  Probe  
  48  4:31  Observer  
  48  4:35  Probe  
  49  4:46  Robotics Facility  
  50  4:53  Observer  
  50  4:54  Probe x2  
  52  5:04  Stalker x3  
  58  5:10  Blink (Chrono Boost)  
  58  5:21  Immortal (Chrono Boost)  
  62  5:28  Pylon  
  62  5:36  Pylon  
  62  5:41  Pylon  
  62  5:49  Pylon  
  62  5:52  Pylon  
  62  5:56  Probe x2  
  64  6:08  Probe x2  
  66  6:15  Nexus, Stalker x3  
  66  6:18  Immortal x2  
  80  6:20  Observer  
  80  6:33  Probe x2  
  82  6:55  Stalker x3  
  82  6:57  Immortal x2  
  95  7:28  Stalker x2  
  95  7:29  Stalker  
  101  7:32  Charge  
  101  7:36  Immortal x2  
  109  7:37  Pylon  
  109  7:44  Robotics Facility  
  109  7:49  Gateway  
  109  7:50  Gateway  
  107  7:51  Gateway  
  107  7:58  Probe x2  
  109  7:59  Probe  
  109  8:02  Assimilator  
  110  8:07  Assimilator  
  110  8:10  Probe x2  
  110  8:11  Probe  
  110  8:12  Pylon  
  113  8:15  Pylon  
  113  8:17  Immortal x2  
  113  8:18  Pylon  
  121  8:30  Stalker x2  
  121  8:31  Stalker  
  127  8:34  Probe x3  
  130  8:48  Probe  
  130  8:49  Probe x2  
  133  8:58  Stalker x3  
  139  9:06  Immortal  
  143  9:15  Probe x3  
  146  9:27  Stalker  
  148  9:37  Pylon  
  148  9:39  Pylon  
  148  9:42  Pylon  
  148  9:47  Pylon  
  148  9:50  Pylon  
  118  10:10  Immortal x3  
  122  10:32  Stalker x5  
  122  10:33  Stalker  
  134  10:49  Immortal x3  
  146  11:07  Stalker x5  
  148  11:28  Immortal x3  
  150  12:07  Stalker x2  
  150  12:08  Stalker x4  
  146  13:10  Stalker x3  
  146  13:11  Stalker x3  
Show
View Real Time Build Order
Export as new Build Order

A.I. 1 (Elite) Terran 

Build Orders: MMM Bio 

Get SALT Encoding   

  12  0:00  SCV  
  13  0:13  SCV  
  14  0:19  Supply Depot  
  14  0:25  SCV  
  15  0:40  SCV  
  15  0:42  Barracks  
  16  0:52  SCV  
  17  1:05  SCV  
  18  1:17  SCV, Supply Depot  
  19  1:23  Refinery  
  19  1:29  SCV, Marine  
  21  1:41  SCV  
  21  1:47  Marine  
  22  1:51  Barracks  
  22  1:53  SCV  
  24  1:57  Refinery  
  24  2:04  Supply Depot, Marine  
  24  2:06  Orbital Command  
  25  2:22  Marine  
  26  2:31  SCV  
  27  2:40  Marine  
  27  2:43  SCV  
  29  2:46  Command Center  
  29  3:02  SCV  
  29  3:04  Factory  
  30  3:06  Marine  
  30  3:09  Marine  
  32  3:15  SCV  
  33  3:23  Marine  
  33  3:27  SCV, Marine  
  36  3:37  Barracks  
  36  3:39  SCV  
  37  3:43  Barracks Tech Lab  
  37  3:45  Barracks Tech Lab  
  37  3:50  Factory Tech Lab  
  37  3:51  SCV  
  38  3:57  SCV  
  38  3:59  Supply Depot  
  39  4:03  SCV  
  39  4:04  Marine  
  39  4:07  Marine  
  39  4:09  SCV  
  43  4:12  Stimpack  
  43  4:15  SCV  
  44  4:18  Siege Tank  
  44  4:21  SCV  
  44  4:23  Combat Shields  
  48  4:27  SCV  
  48  4:31  Marine  
  50  4:32  Marine  
  50  4:33  SCV  
  50  4:35  Marine  
  53  4:39  SCV  
  53  4:41  Supply Depot  
  54  4:45  Orbital Command  
  54  4:49  Marauder  
  54  4:51  Marauder  
  58  5:10  Marauder  
  58  5:12  Marauder  
  62  5:16  Engineering Bay  
  62  5:19  Supply Depot  
  62  5:25  Command Center  
  62  5:32  Marauder  
  64  5:39  Marauder  
  64  5:42  Terran Infantry Armor Level 1  
  66  5:49  Engineering Bay  
  65  5:50  Barracks Reactor  
  65  5:53  Marauder  
  67  6:00  Siege Tank  
  67  6:01  Marauder  
  72  6:05  Supply Depot  
  72  6:06  Concussive Shells  
  72  6:14  Terran Infantry Weapons Level 1, Marauder  
  74  6:22  Marauder  
  76  6:30  Barracks  
  76  6:33  Siege Tank  
  76  6:38  SCV  
  80  6:40  SCV  
  80  6:42  SCV  
  80  6:45  Starport  
  82  6:50  SCV  
  82  6:52  SCV  
  84  6:54  SCV  
  85  7:01  Refinery  
  85  7:06  Refinery  
  85  7:08  Siege Tank, Orbital Command  
  88  7:10  Missile Turret  
  88  7:12  Missile Turret  
  88  7:15  Marine  
  89  7:16  Marine  
  89  7:19  Supply Depot  
  90  7:28  Command Center  
  90  7:30  Starport Reactor  
  90  7:33  SCV  
  90  7:34  SCV  
  90  7:36  SCV  
  93  7:42  Marauder  
  94  7:45  SCV  
  94  7:46  Marauder  
  94  7:50  SCV  
  98  7:51  Supply Depot  
  98  8:03  Marauder  
  100  8:06  Medivac  
  100  8:07  Medivac, Marauder  
  106  8:16  Supply Depot  
  106  8:19  Armory  
  106  8:30  Siege Tank  
  109  8:41  SCV  
  110  8:42  SCV  
  110  8:45  SCV  
  110  8:48  SCV  
  113  8:53  SCV  
  113  8:55  SCV  
  115  8:57  SCV  
  115  9:00  SCV  
  115  9:01  Widow Mine  
  119  9:05  SCV  
  119  9:07  SCV  
  119  9:08  Terran Infantry Weapons Level 2  
  121  9:10  SCV  
  121  9:11  Supply Depot  
  121  9:12  Planetary Fortress  
  121  9:16  Missile Turret  
  122  9:17  SCV  
  122  9:19  SCV, Missile Turret  
  122  9:22  SCV  
  125  9:29  SCV  
  125  9:30  Widow Mine  
  128  9:31  SCV  
  128  9:34  SCV  
  128  9:37  Supply Depot  
  130  9:41  Missile Turret  
  130  9:49  Medivac  
  130  9:51  Missile Turret  
  132  9:54  Missile Turret  
  132  9:56  Missile Turret  
  132  9:58  Widow Mine  
  132  9:59  Factory, Command Center  
  134  10:03  Marine  
  134  10:04  Marine  
  134  10:05  Starport  
  134  10:07  Marauder  
  112  10:09  Marine  
  112  10:10  Marine  
  81  10:21  Marine  
  81  10:23  Marauder, Ghost Academy  
  81  10:27  Marine  
  81  10:28  Marine, Marauder  
  85  10:33  Siege Tank  
  89  10:39  Marine  
  89  10:42  Widow Mine  
  87  10:44  Marauder  
  87  10:45  Marine  
  87  10:46  Marine  
  87  10:49  Marauder  
  84  10:50  SCV x2  
  84  10:51  SCV  
  84  10:53  SCV  
  82  10:57  Marine  
  82  11:02  SCV  
  82  11:03  Marine  
  71  11:04  Marine  
  71  11:05  SCV, Marine, Siege Tank  
  71  11:06  SCV  
  71  11:08  Starport Tech Lab  
  71  11:09  Refinery  
  71  11:10  Marine  
  77  11:12  Starport Tech Lab  
  77  11:14  SCV  
  77  11:15  Marine  
  68  11:18  SCV  
  68  11:21  Marine  
  68  11:22  Marine  
  68  11:23  Marauder  
  62  11:25  Ghost Academy  
  62  11:28  Starport  
  62  11:29  Marauder  
  49  11:40  Marine  
  49  11:41  Marine  
  49  11:44  Marine  
  49  11:45  Marine  
  46  11:48  SCV x2  
  46  11:49  Marine  
  46  11:50  SCV  
  46  11:53  SCV  
  45  11:55  Command Center  
  45  11:58  Marine  
  45  12:00  SCV  
  43  12:03  Marine, Marauder  
  43  12:06  Starport Tech Lab  
  43  12:07  Marine  
  26  12:31  Marine  
  22  12:46  Marine  
  22  12:47  SCV, Marine  
  23  13:00  Marine  
  23  13:01  SCV  
Tags
 
Composition
MMM Bio
League
Platinum
Matchup
PvT
Replay Pack
First 100 games
Spawn Locations
Cross Positions
Add a new tag
Caveats
  • Supply blocks, unpowered buildings, or Contaminate may cause inaccurate times.
  • Supply counts are checked every 10 seconds.